 Dungeon Crawl Stone Soup version 0.27.1-1-g398f81649c (webtiles) character file.

Game seed: 16315155509680840681

69260 pokedragonboy the Devastator (level 15, -10/72 HPs)
             Began as a Tengu Air Elementalist on Sept 18, 2021.
             Was a High Priest of Vehumet.
             Mangled by a reaper (26 damage)
             ... on level 2 of the Abyss.
             The game lasted 01:52:34 (29324 turns).

pokedragonboy the Devastator (TeAE)                Turns: 29324, Time: 01:52:35

Health: -10/72     AC:  9    Str:  8    XL:     15   Next: 29%
Magic:  4/30       EV: 18    Int: 22    God:    Vehumet [*****.]
Gold:   1474       SH:  0    Dex: 19    Spells: 5/35 levels left

rFire    x . .     SeeInvis .   a - staff of air
rCold    + . .     Faith    .   (no shield)
rNeg     . . .     Spirit   .   K - +1 steam dragon scales
rPois    +         Reflect  .   L - +2 hat {Stlth+}
rElec    +         Harm     .   (no cloak)
rCorr    .         Rampage  .   I - +0 pair of gloves
Will     +....                  (boots unavailable)
Stlth    +++.......             Q - amulet of regeneration
HPRegen  0.00/turn              o - ring of Beogh's Supremacy {rPois Dex+4}
MPRegen  0.22/turn              G - ring of ice

@: mighty, sluggish, flying quickly and evasively, diseased, very slow
A: beak, talons 3, nimble flight
a: Renounce Religion


You were on level 2 of the Abyss.
You worshipped Vehumet.
Vehumet was extremely pleased with you.
You visited 3 branches of the dungeon, and saw 19 of its levels.
You visited the Abyss 1 time.

You collected 1474 gold pieces.

Inventory:

Hand Weapons
 b - a +5 flail of protection
Armour
 D - a +0 robe of positive energy
 I - a +0 pair of gloves (worn)
 K - +1 steam dragon scales (worn)
 L - a +2 hat of stealth (worn)
Magical Staves
 a - a staff of air (weapon)
Jewellery
 k - a ring of poison resistance
 l - a +6 ring of intelligence
 o - the ring of Beogh's Supremacy (left hand) {rPois Dex+4}
   (You took it off a gnoll on level 6 of the Dungeon)

   [ring of poison resistance]

   Dex:       It affects your dexterity (+4).
   rPois:     It protects you from poison.
 B - a ring of resist corrosion
 G - a ring of ice (right hand)
 P - a ring of see invisible
 Q - an amulet of regeneration (around neck)
 R - a ring of protection from cold
 U - a +4 ring of evasion
 Z - a ring of wizardry
Wands
 n - a wand of iceblast (33)
 q - a wand of acid (14)
 u - a wand of paralysis (12)
 C - a wand of digging (9)
 F - a wand of flame (15)
 N - a wand of mindburst (6)
 S - a wand of charming (5)
Scrolls
 c - 5 scrolls of teleportation
 i - a scroll of vulnerability
 m - a scroll of holy word {unknown}
 r - a scroll of torment
 s - 2 scrolls of brand weapon
 t - a scroll of amnesia
 v - a scroll of magic mapping
 w - 3 scrolls of fog
 y - a scroll of fear
 E - 2 scrolls of noise
 H - 2 scrolls of blinking
 J - 2 scrolls of immolation
 W - a scroll of enchant weapon
 Y - a scroll of identify
Potions
 d - a potion of curing
 e - a potion of attraction
 f - a potion of might
 h - 4 potions of mutation
 j - 6 potions of lignification
 p - 2 potions of berserk rage
 z - 3 potions of brilliance
 M - a potion of haste
 O - a potion of cancellation
 V - a potion of flight
Miscellaneous
 g - a piece from Xom's chessboard (15/15)
 A - a phantom mirror
 T - a piece from Xom's chessboard (15/15)
 X - a lightning rod (4/4)


   Skills:
 - Level 5.0 Staves
 - Level 5.0 Dodging
 - Level 2.0 Stealth
 + Level 10.8 Spellcasting
 * Level 19.4 Conjurations
 - Level 2.0 Translocations
 + Level 3.2 Fire Magic
 - Level 3.0 Ice Magic
 + Level 19.4 Air Magic


You had 5 spell levels left.
You knew the following spells:

 Your Spells              Type           Power      Damage    Failure   Level
a - Shock                 Conj/Air       100%       1d9       0%          1
b - Static Discharge      Conj/Air       98%        N/A       0%          2
c - Airstrike             Air            49%        N/A       0%          4
d - Swiftness             Air            98%        N/A       0%          3
e - Inner Flame           Hex/Fire       19%        N/A       2%          3
f - Freezing Cloud        Conj/Ice/Air   52%        6-21      1%          5
g - Blink                 Tloc           N/A        N/A       3%          2
h - Hailstorm             Conj/Ice       75%        3d15      1%          4
i - Starburst             Conj/Fire      29%        6d9       2%          6

Your spell library contained the following spells:

 Spells                   Type           Power      Damage    Failure   Level
 Searing Ray              Conj           100%       3d7       0%          2
 Corpse Rot               Necr/Air       N/A        N/A       1%          2
 Poisonous Vapours        Pois/Air       100%       N/A       1%          2
 Sticky Flame             Conj/Fire      58%        2d7       1%          4
 Sting                    Tmut/Pois      44%        1d5       5%          1
 Portal Projectile        Hex/Tloc       32%        N/A       11%         3
 Olgreb's Toxic Radiance  Pois           11%        N/A       16%         4
 Call Canine Familiar     Summ           11%        N/A       17%         3
 Tukima's Dance           Hex            11%        N/A       17%         3
 Passage of Golubria      Tloc           N/A        N/A       24%         4
 Yara's Violent Unravell  Hex/Tmut       5%         3d4       36%         5
 Animate Armour           Summ/Erth      22%        N/A       50%         4
 Dispel Undead            Necr           11%        3d9       50%         4
 Leda's Liquefaction      Hex/Erth       5%         N/A       50%         4
 Manifold Assault         Tloc           20%        N/A       56%         5
 Summon Forest            Summ/Tloc      8%         N/A       71%         5
 Blade Hands              Tmut           5%         N/A       83%         5
 Iron Shot                Conj/Erth      26%        9d6       4%          6
 Storm Form               Tmut/Air       34%        N/A       65%         7
 Dispersal                Tloc           10%        N/A       98%         6


Dungeon Overview and Level Annotations

Branches:
Dungeon (12/15)            Temple (1/1) D:4            Lair (6/6) D:11
 Shoals (0/4) Lair:2        Snake (0/4) Lair:3        Slime (0/5) Lair:5
    Orc (0/2) D:9

Altars:
Cheibriados
Elyvilon
Fedhas
Gozag
Hepliaklqana
Kikubaaqudgha
Makhleb
Nemelex Xobeh
Okawaru
Qazlal
Ru
Sif Muna
Trog
Uskayaw
Vehumet
Wu Jian
Xom
Yredelemnul
Zin
Jiyva

Shops:
D:2 [   D:6 [

Annotations:
D:3 1 runed translucent door, Crazy Yiuf
D:5 3 runed translucent doors, rogsnak's ghost, amateur BaFE
Lair:1 3 runed translucent doors, suldrek's ghost, journeyman OgCj
Lair:5 1 runed translucent door


Innate Abilities, Weirdness & Mutations

You have a beak for a mouth.
You have claws for feet.
Your magical nature lets you fly swiftly and evasively.


Message History

The reaper is lightly wounded.
You hear a chilling moan.
You hear a hideous shriek!
The reaper hits you from afar with a +2 scythe of venom!!
* * * LOW HITPOINT WARNING * * *
Unknown command.
You feel better.
Casting: Shock (safe; 0% risk of failure)
Confirm with . or Enter, or press ? or * to list all spells.
You feel a surge of power!
You feel quick.
A flying skull comes into view.
A flying skull comes into view.
You feel very mighty all of a sudden. The flying skull hits you.
* * * LOW HITPOINT WARNING * * *
A large abomination comes into view.
Unknown command.
You barely miss the flying skull. Your kick misses the flying skull.
Your peck misses the flying skull.
You start to feel a little slower.
The flying skull barely misses you.
The flying skull gives a hideous shriek!
You hit the flying skull.
The flying skull is electrocuted.
You claw the flying skull!
The flying skull is severely damaged.
The flying skull misses you.
The flying skull hits you but does no damage.
You hit the flying skull!
The flying skull is electrocuted!
You destroy the flying skull!
Vehumet accepts your kill. The flying skull misses you.
The flying skull completely misses you.
You feel sluggish.
Casting: Swiftness (safe; 0% risk of failure)
Confirm with . or Enter, or press ? or * to list all spells.
You don't have enough magic to cast this spell.
Unknown command.
Okay, then.
The flying skull misses you.
The reaper hits you from afar with a +2 scythe of venom!!
You die...

.##.................
. ..
..................
.. .....X.....#....
#... .
.X.##.....##...###
.. ... .##.X...#
...# .... .
#.##.≈#§≈2.. .... .
# #2##.≈§.... .....
# # #z##...........
.# # ## #@.#
########## ..
........## #.##....#
#..§.# .......
#.#..#.. #........
#..#.#..##


You could see a reaper, 2 large abominations and a flying skull.

Vanquished Creatures
  Gastronok (Lair:2)
  11 hydras
  A fire dragon (Lair:6)
  An ice dragon (Lair:6)
  5 death yaks (Lair:4)
  2 two-headed ogres
  Nergalle (Lair:4)
  A swamp dragon (Lair:6)
  A lindwurm (Lair:6)
  A deep elf zephyrmancer (D:12)
  2 wizards (D:12)
  4 oklob plants (Lair:2)
  An ugly thing (D:12)
  4 black mambas
  21 elephants
  A worldbinder (Abyss:2)
  13 cane toads
  A gargoyle (D:11)
  8 torpor snails
  A kobold demonologist (D:10)
  2 rime drakes (Lair:6)
  8 komodo dragons
  5 polar bears
  3 trolls
  An ancient zyme (Abyss:2)
  6 hornets (Lair:6)
  4 tyrant leeches (Lair:6)
  Prince Ribbit (Lair:1)
  29 blink frogs
  A slime creature (D:7)
  A meliai zombie (D:11)
  3 dream sheep
  2 flying skulls (Abyss:2)
  Sigmund (D:4)
  A wraith (D:11)
  A wyvern (Lair:3)
  A vampire (D:11)
  7 basilisks
  53 yaks
  7 steam dragons
  Grum (Lair:1)
  4 nagas (Lair:3)
  Edmund (D:4)
  2 acid dragons (Lair:6)
  19 water moccasins
  3 black bears
  An ice beast (D:8)
  4 ogres
  4 orc warriors
  17 wolves
  11 centaurs
  2 phantoms
  3 kobold brigands
  9 bullfrogs
  2 gnoll sergeants
  3 scorpions
  A wyvern skeleton (D:7)
  12 killer bees
  6 wights (D:7)
  3 howler monkeys
  A bullfrog zombie (D:5)
  3 centaur zombies
  A bullfrog skeleton (D:5)
  3 hounds
  9 orc priests
  Jessica (D:2)
  14 iguanas
  Ijyb (D:5)
  6 orc wizards
  A small abomination (Abyss:2)
  A hound zombie (D:5)
  A howler monkey zombie (D:8)
  10 gnolls
  6 adders
  A shadow imp (D:8)
  2 white imps
  An adder skeleton (D:4)
  2 dart slugs
  30 orcs
  7 ball pythons
  A bat (D:3)
  9 endoplasms
  4 giant cockroaches
  12 goblins
  10 hobgoblins
  4 jackals
  18 kobolds
  6 quokkas
  6 frilled lizards
  4 rats
501 creatures vanquished.

Vanquished Creatures (collateral kills)
  A thrashing horror (Abyss:2)
  A black mamba (Lair:6)
  A flying skull (Abyss:2)
  A ynoxinul (Abyss:2)
  A small abomination (Abyss:2)
5 creatures vanquished.

Vanquished Creatures (others)
  44 fungi
  119 plants
163 creatures vanquished.

Grand Total: 669 creatures vanquished

Notes
Turn   | Place    | Note
-------+----------+-------------------------------------------
     0 | D:1      | pokedragonboy the Tengu Air Elementalist began the quest
                  | for the Orb.
     0 | D:1      | Reached XP level 1. HP: 10/10 MP: 4/4
   233 | D:1      | Reached XP level 2. HP: 10/15 MP: 0/6
   288 | D:1      | Learned a level 2 spell: Static Discharge
   824 | D:1      | Found a faded altar of an unknown god.
   842 | D:1      | Reached XP level 3. HP: 19/19 MP: 4/7
  1466 | D:2      | Found Avytuco's Antique Armour Boutique.
  1627 | D:2      | Noticed Jessica
  1638 | D:2      | Killed Jessica
  1639 | D:2      | Reached skill level 5 in Air Magic
  1639 | D:2      | Reached XP level 4. HP: 24/24 MP: 4/8
  2130 | D:3      | Found a burning altar of Makhleb.
  2427 | D:3      | Gained mutation: Your magical nature lets you fly swiftly
                  | and evasively. [Tengu growth]
  2427 | D:3      | Reached XP level 5. HP: 14/28 MP: 0/10
  2722 | D:3      | Found a snail-covered altar of Cheibriados.
  3591 | D:3      | Reached skill level 5 in Conjurations
  3591 | D:3      | Reached XP level 6. HP: 20/32 MP: 2/11
  3881 | D:3      | Found a runed translucent door.
  3882 | D:3      | Noticed Crazy Yiuf
  4873 | D:4      | Learned a level 4 spell: Airstrike
  4895 | D:4      | Reached XP level 7. HP: 29/36 MP: 3/13
  5237 | D:4      | Found a staircase to the Ecumenical Temple.
  5272 | D:4      | Found a sparkling altar of Nemelex Xobeh.
  5294 | Temple   | Entered the Ecumenical Temple
  5337 | Temple   | Became a worshipper of Vehumet
  5578 | D:4      | Noticed Sigmund
  5585 | D:4      | Killed Sigmund
  5653 | D:4      | Noticed Edmund
  5678 | D:4      | Killed Edmund
  5679 | D:4      | Reached XP level 8. HP: 41/41 MP: 7/15
  5790 | D:4      | Learned a level 3 spell: Swiftness
  5866 | D:4      | Found a basalt altar of Yredelemnul.
  5925 | D:4      | Found a white marble altar of Elyvilon.
  6152 | D:5      | Entered Level 5 of the Dungeon
  6503 | D:5      | Found a stormy altar of Qazlal.
  6576 | D:5      | Found an ancient bone altar of Kikubaaqudgha.
  6657 | D:5      | Noticed Ijyb
  6660 | D:5      | Killed Ijyb
  7280 | D:5      | Found a runed translucent gate.
  7282 | D:5      | Found a runed translucent gate.
  7282 | D:5      | Found an opulent altar of Gozag.
  7283 | D:5      | Found a runed translucent gate.
  7289 | D:5      | Noticed a troll
  7289 | D:5      | Noticed rogsnak's ghost (amateur BaFE)
  7544 | D:6      | Reached XP level 9. HP: 45/45 MP: 7/17
  7623 | D:6      | Reached skill level 10 in Air Magic
  7706 | D:6      | Reached skill level 5 in Spellcasting
  7897 | D:6      | Found Aruash's Antique Armour Shoppe.
  8436 | D:6      | Reached * piety under Vehumet
  8436 | D:6      | Offered knowledge of Sandblast by Vehumet.
  8494 | D:6      | Reached skill level 10 in Conjurations
  8714 | D:6      | Identified the ring of Beogh's Supremacy {rPois Dex+4}
  8919 | D:6      | You are sucked into a shaft and drop 3 floors!
 10213 | D:7      | You are sucked into a shaft and drop 3 floors!
 10213 | D:10     | Entered Level 10 of the Dungeon
 10253 | D:10     | Reached XP level 10. HP: 44/50 MP: 5/19
 10501 | D:10     | Found an opulent altar of Gozag.
 10526 | D:9      | Noticed a two-headed ogre
 10534 | D:9      | Killed a two-headed ogre
 10535 | D:9      | Reached skill level 5 in Dodging
 10996 | D:10     | Noticed a two-headed ogre
 11000 | D:10     | Killed a two-headed ogre
 11001 | D:10     | Reached skill level 1 in Staves
 11436 | D:7      | Found a shimmering altar of Xom.
 11548 | D:7      | Offered knowledge of Searing Ray by Vehumet.
 11550 | D:7      | Reached ** piety under Vehumet
 11554 | D:7      | Learned a level 2 spell: Searing Ray
 11874 | D:7      | Found a hide-covered altar of Uskayaw.
 12018 | D:7      | Found a hazy altar of Hepliaklqana.
 12409 | D:7      | Learned a level 5 spell: Freezing Cloud
 12925 | D:8      | Reached XP level 11. HP: 54/54 MP: 14/21
 13197 | D:8      | Found a sacrificial altar of Ru.
 13794 | D:9      | Offered knowledge of Dazzling Flash by Vehumet.
 13940 | D:9      | Found a staircase to the Orcish Mines.
 14485 | D:10     | Reached *** piety under Vehumet
 14758 | D:10     | Found an ornate altar of the Wu Jian Council.
 15270 | D:11     | Found a white marble altar of Elyvilon.
 15394 | D:11     | Found a staircase to the Lair.
 15691 | D:11     | Got Xess's Volume of the Compass
 15898 | D:11     | Offered knowledge of Inner Flame by Vehumet.
 16414 | Lair:1   | Entered Level 1 of the Lair of Beasts
 16419 | Lair:1   | Learned a level 3 spell: Inner Flame
 16450 | Lair:1   | Noticed Grum
 16454 | Lair:1   | Killed Grum
 16726 | Lair:1   | Reached skill level 5 in Staves
 16734 | Lair:1   | Reached XP level 12. HP: 59/59 MP: 5/24
 17052 | Lair:1   | Found a shimmering altar of Xom.
 17427 | Lair:1   | Found a runed translucent gate.
 17429 | Lair:1   | Found a runed translucent gate.
 17429 | Lair:1   | Found a runed translucent gate.
 17437 | Lair:1   | Noticed an eight-headed hydra
 17441 | Lair:1   | Killed an eight-headed hydra
 17442 | Lair:1   | Reached skill level 15 in Air Magic
 17484 | Lair:1   | Reached **** piety under Vehumet
 17741 | Lair:1   | Noticed a minotaur
 17741 | Lair:1   | Noticed suldrek's ghost (journeyman OgCj)
 17811 | Lair:1   | Learned a level 2 spell: Blink
 17955 | Lair:1   | Noticed Prince Ribbit
 17957 | Lair:1   | Reached skill level 15 in Conjurations
 17957 | Lair:1   | Killed Prince Ribbit
 18644 | Lair:2   | Offered knowledge of Conjure Flame by Vehumet.
 18841 | Lair:2   | Noticed Gastronok
 18901 | Lair:2   | Killed Gastronok
 19296 | Lair:2   | Reached XP level 13. HP: 45/63 MP: 18/26
 19537 | Lair:2   | Found a staircase to the Shoals.
 20191 | Lair:2   | You are sucked into a shaft and drop 1 floor!
 20715 | Lair:3   | Found a staircase to the Snake Pit.
 20912 | Lair:3   | Reached ***** piety under Vehumet
 21387 | Lair:3   | Offered knowledge of Hailstorm by Vehumet.
 21395 | Lair:3   | Learned a level 4 spell: Hailstorm
 22705 | Lair:4   | Reached skill level 1 in Translocations
 22826 | Lair:4   | Reached XP level 14. HP: 68/68 MP: 12/28
 22984 | Lair:4   | Noticed Nergalle
 22995 | Lair:4   | Killed Nergalle
 23659 | Lair:4   | Reached skill level 1 in Ice Magic
 23663 | Lair:4   | Reached skill level 10 in Spellcasting
 25033 | Lair:5   | Found a runed translucent door.
 25033 | Lair:5   | Found a viscous altar of Jiyva.
 25033 | Lair:5   | Noticed an acid blob
 25034 | Lair:5   | Found a staircase to the Slime Pits.
 25034 | Lair:5   | Noticed an acid blob
 25862 | Lair:6   | Entered Level 6 of the Lair of Beasts
 26567 | Lair:6   | Offered knowledge of Starburst by Vehumet.
 26665 | Lair:6   | Learned a level 6 spell: Starburst
 27088 | Lair:6   | Found a runed translucent door.
 27324 | Lair:6   | Reached skill level 1 in Fire Magic
 27347 | Lair:6   | Reached XP level 15. HP: 68/72 MP: 1/30
 29087 | D:12     | Cast into level 2 of the Abyss (a wizard)
 29087 | Abyss:2  | Found a corrupted altar of Lugonu.
 29324 | Abyss:2  | Mangled by a reaper

Illustrated notes

Levels and vault maps discovered:
D:1:      psy_arrival_fountain, layout_basic,
          dreamdust_ecumenical_altar_angels_and_demons, minmay_fountain_box
D:2:      layout_loops_cross, serial_shops, nicolae_shop_statue_plus,
          uniq_jessica
D:3:      minmay_razor_zed, layout_basic, demons_altar,
          mainiacjoe_overflow_cross_hatched, grunt_decor_one_mirror,
          minmay_fractal_squares_diagonal_5, uniq_crazy_yiuf_cottage
D:4:      layout_cave_pools, lemuel_coloured_pillars_altar,
          mainiacjoe_overflow_alcove_1, nemelex_spade_bored_becter,
          minmay_temple_entry_overgrown, fountainhead, sigmund_edmund_badplayer
D:5:      layout_basic, lemuel_tele_altar, pf_just_have_faith,
          ebering_ghost_gozag, uniq_ijyb
D:6:      layout_loops_cross, serial_shops, kennysheep_little_box,
          hangedman_decor_growths
D:7:      layout_loops_ring, mainiacjoe_overflow_surrounded_room,
          general_overflow_altar, mainiacjoe_overflow_concentric_impassable,
          hangedman_decor_slide_cut, minmay_small_thing
D:8:      layout_basic, nicolae_ru_sacrificial_ziggurat
D:9:      layout_small_grid, orc_0_dummy, enter_bailey_3
D:10:     layout_roguey, lemuel_round_altar, overflow_temple_1_default
D:11:     layout_long_grid, lair_entry_dummy, grunt_decor_mini_mirrors,
          elyvilon_altar_5
D:12:     minmay_tri_stars, layout_small_grid,
          portal_ice_cave_entry_ice_simulacra
Temple:   dpeg_three_leaves_temple
Lair:1:   layout_small_grid, maelrawn_ghost_gauntlet_escape,
          lemuel_centaur_altar, uniq_grum, uniq_prince_ribbit2
Lair:2:   minmay_lair_oklob_tunnel, layout_loops_ring, shoals_dummy_entry,
          cheibrodos_lair_lostbears, uniq_gastronok
Lair:3:   nzn_winding_woodlands_cross [nzn_winding_woodlands_5x15_eye,
          nzn_winding_woodlands_5x15_pool, nzn_winding_woodlands_5x15_garden,
          nzn_winding_woodlands_5x15_twine,
          nzn_winding_woodlands_15x15_thick_spiral], layout_loops_ring,
          minmay_snake_entry_guardpost_small
Lair:4:   layout_big_grid, infiniplex_staircase_pool, uniq_nergalle
Lair:5:   layout_gridlike, slime_altar_2
Lair:6:   wormcave, layout_regular_city, guppyfry_lair_end_dragon
Abyss:2:  base: D:3, onia_ninara_dug_in_and_dangerous

Skill      XL: |  1  2  3  4  5  6  7  8  9 10 11 12 13 14 15 |
---------------+----------------------------------------------+-----
Conjurations   | 2 3 4 5 7 9 11 12 14 16 17 19 | 19.4
Air Magic      | 5 6 7 8 9 11 13 14 16 17 19 | 19.4
Spellcasting   | 3 4 5 6 7 8 9 10 | 10.8
Dodging        | 4 5 |  5.0
Staves         | 2 5 |  5.0
Translocations | 2 |  2.0
Ice Magic      | 3 |  3.0
Fire Magic     | 1 3 |  3.2
Stealth        | |  2.0

Action                   |  1- 3 |  4- 6 |  7- 9 | 10-12 | 13-15 || total
-------------------------+-------+-------+-------+-------+-------++-------
Melee: Unarmed           |     9 |       |       |       |       ||     9
       Peck              |     1 |     2 |       |     1 |     1 ||     5
       Dagger            |       |    18 |       |       |       ||    18
       Kick              |       |     3 |     6 |     2 |     5 ||    16
       Flail             |       |       |     9 |       |       ||     9
       Staff             |       |       |       |    12 |    25 ||    37
 Cast: Shock             |    52 |   126 |   136 |    92 |   108 ||   514
       Static Discharge  |       |     2 |    20 |     6 |    17 ||    45
       Airstrike         |       |       |    48 |   120 |   180 ||   348
       Swiftness         |       |       |     1 |     1 |     5 ||     7
       Searing Ray       |       |       |       |     9 |       ||     9
       Freezing Cloud    |       |       |       |    57 |   121 ||   178
       Inner Flame       |       |       |       |     6 |    12 ||    18
       Blink             |       |       |       |     2 |     9 ||    11
       Hailstorm         |       |       |       |       |     6 ||     6
       Starburst         |       |       |       |       |     8 ||     8
Evoke: Wand              |       |       |       |     5 |     1 ||     6
  Use: Scroll            |       |     2 |     7 |     8 |    12 ||    29
       Potion            |       |       |       |     2 |     3 ||     5
 Stab: Sleeping          |       |     1 |       |       |       ||     1
Armor: Robe              |     5 |       |     8 |     2 |       ||    15
       Steam dragon scal |       |       |       |     2 |    24 ||    26
Dodge: Dodged            |    19 |    17 |    49 |    40 |    76 ||   201
